TOP OF THE 1ST |
Virginia Beach Deuces batting - Pitching for Durham Rapiers : RHP Juan Díaz
|
Pitching: RHP Juan Díaz
|
|
Batting: LHB Alberto Enríquez
|
0-0: Ball 1-0: Ball 2-0: Foul Ball, location: 2F 2-1: SINGLE (Line Drive, 8LS)
|
Batting: RHB Luis Sáenz
|
0-0: Ball Alberto Enríquez is caught stealing 2nd base 1-0: Ball 2-0: Foul Ball, location: 2F 2-1: Fly out, F9 (Flyball, 89M)
|
Batting: RHB Lorenzo Ramírez
|
0-0: Called Strike 0-1: Swinging Strike 0-2: Ball 1-2: Ball 2-2: Strikes out looking
|
Top of the 1st over - 0 run(s), 1 hit(s), 0 error(s), 0 left on base; Virginia Beach 0 - Durham 0 |
BOTTOM OF THE 1ST |
Durham Rapiers batting - Pitching for Virginia Beach Deuces : LHP Pat Horton
|
Pitching: LHP Pat Horton
|
|
Batting: RHB Esteban Garza
|
0-0: Ground out 6-3 (Groundball, 6M)
|
Batting: RHB Harrison Blackford
|
0-0: Called Strike 0-1: Ball 1-1: SINGLE (Line Drive, 56D)
|
Batting: RHB Luis Tapia
|
0-0: Fly out, F7 (Line Drive, 7M)
|
Batting: SHB Dan Godwin
|
0-0: Fly out, F2 (Popup, 2L)
|
Bottom of the 1st over - 0 run(s), 1 hit(s), 0 error(s), 1 left on base; Virginia Beach 0 - Durham 0 |
TOP OF THE 2ND |
Virginia Beach Deuces batting - Pitching for Durham Rapiers : RHP Juan Díaz
|
Batting: LHB Salvadaro Meireles
|
0-0: Ball 1-0: Ground out 4-3 (Groundball, 4)
|
Batting: SHB José Quintero
|
0-0: Called Strike 0-1: Foul Ball, location: 2F 0-2: SINGLE (Line Drive, 56D)
|
Batting: SHB Mark Kennedy
|
0-0: Called Strike 0-1: Ball 1-1: Called Strike 1-2: Grounds into double play, 4-6-3 (Groundball, 4)
|
Top of the 2nd over - 0 run(s), 1 hit(s), 0 error(s), 0 left on base; Virginia Beach 0 - Durham 0 |
BOTTOM OF THE 2ND |
Durham Rapiers batting - Pitching for Virginia Beach Deuces : LHP Pat Horton
|
Batting: LHB Adrián Franco
|
0-0: SINGLE (Groundball, 4MD)
|
Batting: RHB Augusto Flores
|
0-0: Fly out, F4 (Popup, 4D)
|
Batting: RHB Kevin Sanderson
|
0-0: Called Strike 0-1: Ball 1-1: Ball 2-1: Grounds into double play, 6-4-3 (Groundball, 6)
|
Bottom of the 2nd over - 0 run(s), 1 hit(s), 0 error(s), 0 left on base; Virginia Beach 0 - Durham 0 |
TOP OF THE 3RD |
Virginia Beach Deuces batting - Pitching for Durham Rapiers : RHP Juan Díaz
|
Batting: RHB Gerald Sims
|
0-0: SINGLE (Line Drive, 34)
|
Batting: RHB Dana Akers
|
0-0: Called Strike 0-1: Ball 1-1: Swinging Strike 1-2: Strikes out swinging
|
Batting: SHB Jim Unknown
|
0-0: Called Strike 0-1: Ball 1-1: Swinging Strike 1-2: Ball 2-2: Foul Ball, location: 2F 2-2: Ball 3-2: Foul Ball, location: 2F 3-2: Base on Balls Gerald Sims to second
|
Batting: LHB Alberto Enríquez
|
0-0: Ball 1-0: Ball 2-0: Foul Ball, location: 2F 2-1: Ball 3-1: Base on Balls Gerald Sims to third Jim Unknown to second
|
Batting: RHB Luis Sáenz
|
0-0: Ball 1-0: Grounds into double play, 5-4-3 (Groundball, 56)
|
Top of the 3rd over - 0 run(s), 1 hit(s), 0 error(s), 2 left on base; Virginia Beach 0 - Durham 0 |
BOTTOM OF THE 3RD |
Durham Rapiers batting - Pitching for Virginia Beach Deuces : LHP Pat Horton
|
Batting: SHB Orlando López
|
0-0: Fly out, F9 (Flyball, 9M)
|
Batting: LHB Evan Nelson
|
0-0: Ball 1-0: DOUBLE (Groundball, 3D)
|
Batting: RHB Esteban Garza
|
0-0: Ball 1-0: Called Strike 1-1: Ground out 6-3 (Groundball, 6) Evan Nelson to third
|
Batting: RHB Harrison Blackford
|
0-0: Ball 1-0: Called Strike 1-1: Foul Ball, location: 2F 1-2: Ball 2-2: Ball 3-2: Foul Ball, location: 2F 3-2: Reached on Error, E9 (Flyball, 9M) Evan Nelson scores
|
Batting: RHB Luis Tapia
|
0-0: Fly out, F7 (Flyball, 8LM)
|
Bottom of the 3rd over - 1 run(s), 1 hit(s), 1 error(s), 1 left on base; Virginia Beach 0 - Durham 1 |
TOP OF THE 4TH |
Virginia Beach Deuces batting - Pitching for Durham Rapiers : RHP Juan Díaz
|
Batting: RHB Lorenzo Ramírez
|
0-0: Foul Ball, location: 2F 0-1: Called Strike 0-2: Ball 1-2: Fly out, F3 (Popup, 3SF)
|
Batting: LHB Salvadaro Meireles
|
0-0: Called Strike 0-1: DOUBLE (Groundball, 5L)
|
Batting: SHB José Quintero
|
0-0: Foul Ball, location: 2F 0-1: Ground out 4-3 (Groundball, 4) Salvadaro Meireles to third
|
Batting: SHB Mark Kennedy
|
0-0: SINGLE (Groundball, 34S) Salvadaro Meireles scores
|
Batting: RHB Gerald Sims
|
0-0: SINGLE (Flyball, 8LS) Mark Kennedy to second
|
Batting: RHB Dana Akers
|
0-0: Ball 1-0: Ball 2-0: Fly out, F9 (Flyball, 9LM)
|
Top of the 4th over - 1 run(s), 3 hit(s), 0 error(s), 2 left on base; Virginia Beach 1 - Durham 1 |
BOTTOM OF THE 4TH |
Durham Rapiers batting - Pitching for Virginia Beach Deuces : LHP Pat Horton
|
Batting: SHB Dan Godwin
|
0-0: Called Strike 0-1: Ball 1-1: Ball 2-1: Foul Ball, location: 2F 2-2: Foul Ball, location: 2F 2-2: Ball 3-2: SINGLE (Line Drive, 4MD)
|
Batting: LHB Adrián Franco
|
0-0: Foul Ball, location: 2F 0-1: Foul Ball, location: 2F 0-2: Ball 1-2: Foul Ball, location: 2F 1-2: Strikes out swinging
|
Batting: RHB Augusto Flores
|
0-0: Called Strike 0-1: Ball Wild Pitch! Dan Godwin to second 1-1: Ground out 5-3 (Groundball, 56S) Dan Godwin to third
|
Batting: RHB Kevin Sanderson
|
0-0: Ball 1-0: Ball 2-0: Ball 3-0: Called Strike 3-1: Fly out, F9 (Flyball, 9M)
|
Bottom of the 4th over - 0 run(s), 1 hit(s), 0 error(s), 1 left on base; Virginia Beach 1 - Durham 1 |
TOP OF THE 5TH |
Virginia Beach Deuces batting - Pitching for Durham Rapiers : RHP Juan Díaz
|
Batting: SHB Jim Unknown
|
0-0: Swinging Strike 0-1: Foul Ball, location: 2F 0-2: Ball 1-2: Foul Ball, location: 2F 1-2: Foul Ball, location: 2F 1-2: Ball 2-2: Fly out, F8 (Flyball, 8LS)
|
Batting: LHB Alberto Enríquez
|
0-0: Ball 1-0: Ball 2-0: Ball 3-0: Base on Balls
|
Batting: RHB Luis Sáenz
|
0-0: Called Strike 0-1: Ball 1-1: Ball 2-1: Ball 3-1: Fly out, F7 (Flyball, 7LM)
|
Batting: RHB Lorenzo Ramírez
|
0-0: Ball 1-0: Foul Ball, location: 2F 1-1: Ball 2-1: SINGLE (Line Drive, 6M) Alberto Enríquez to second
|
Batting: LHB Salvadaro Meireles
|
0-0: Foul Ball, location: 2F 0-1: Fly out, F4 (Line Drive, 4M)
|
Top of the 5th over - 0 run(s), 1 hit(s), 0 error(s), 2 left on base; Virginia Beach 1 - Durham 1 |
BOTTOM OF THE 5TH |
Durham Rapiers batting - Pitching for Virginia Beach Deuces : LHP Pat Horton
|
Batting: SHB Orlando López
|
0-0: Ball 1-0: Ball 2-0: Swinging Strike 2-1: Ball 3-1: Called Strike 3-2: Foul Ball, location: 2F 3-2: Ground out 6-3 (Groundball, 6)
|
Batting: LHB Evan Nelson
|
0-0: Ball 1-0: Ground out 3-1 (Groundball, 34S)
|
Batting: RHB Esteban Garza
|
0-0: Swinging Strike 0-1: Ground out 2-3 (Groundball, 2R)
|
Bottom of the 5th over - 0 run(s), 0 hit(s), 0 error(s), 0 left on base; Virginia Beach 1 - Durham 1 |
TOP OF THE 6TH |
Virginia Beach Deuces batting - Pitching for Durham Rapiers : RHP Juan Díaz
|
Batting: SHB José Quintero
|
0-0: Ball 1-0: Called Strike 1-1: Foul Ball, location: 2F 1-2: Foul Ball, location: 2F 1-2: Ball 2-2: Strikes out swinging
|
Batting: SHB Mark Kennedy
|
0-0: Ball 1-0: Foul Ball, location: 2F 1-1: Foul Ball, location: 2F 1-2: Ball 2-2: Fly out, F5 (Popup, 5F)
|
Batting: RHB Gerald Sims
|
0-0: Called Strike 0-1: Ball 1-1: Called Strike 1-2: Strikes out swinging
|
Top of the 6th over - 0 run(s), 0 hit(s), 0 error(s), 0 left on base; Virginia Beach 1 - Durham 1 |
BOTTOM OF THE 6TH |
Durham Rapiers batting - Pitching for Virginia Beach Deuces : LHP Pat Horton
|
Batting: RHB Harrison Blackford
|
0-0: Ground out 5-3 (Groundball, 56)
|
Batting: RHB Luis Tapia
|
0-0: Ball 1-0: Ball 2-0: Reached on error, E6 (Groundball, 6M)
|
Batting: SHB Dan Godwin
|
0-0: Ball 1-0: Grounds into double play, 6-4-3 (Groundball, 6)
|
Bottom of the 6th over - 0 run(s), 0 hit(s), 1 error(s), 0 left on base; Virginia Beach 1 - Durham 1 |
TOP OF THE 7TH |
Virginia Beach Deuces batting - Pitching for Durham Rapiers : RHP Juan Díaz
|
Pinch Hitting: LHB Jim Unknown
|
0-0: Fly out, F5 (Popup, 5SF)
|
Batting: SHB Jim Unknown
|
0-0: Fly out, F7 (Popup, 7LS)
|
Batting: LHB Alberto Enríquez
|
0-0: Ball 1-0: Foul Ball, location: 2F 1-1: Swinging Strike 1-2: Ball 2-2: Ball 3-2: Ground out 6-3 (Groundball, 6M)
|
Top of the 7th over - 0 run(s), 0 hit(s), 0 error(s), 0 left on base; Virginia Beach 1 - Durham 1 |
BOTTOM OF THE 7TH |
Durham Rapiers batting - Pitching for Virginia Beach Deuces : LHP Pat Horton
|
Now at SS: Jim Unknown
|
|
Batting: LHB Adrián Franco
|
0-0: Ball 1-0: Swinging Strike 1-1: Foul Ball, location: 2F 1-2: Strikes out swinging
|
Batting: RHB Augusto Flores
|
0-0: Ball 1-0: Foul Ball, location: 2F 1-1: Foul Ball, location: 2F 1-2: Foul Ball, location: 2F 1-2: Ground out 5-3 (Groundball, 56)
|
Batting: RHB Kevin Sanderson
|
0-0: Called Strike 0-1: Foul Ball, location: 2F 0-2: Ball 1-2: Foul Ball, location: 2F 1-2: Ball 2-2: Ball 3-2: Foul Ball, location: 2F 3-2: Strikes out swinging
|
Bottom of the 7th over - 0 run(s), 0 hit(s), 0 error(s), 0 left on base; Virginia Beach 1 - Durham 1 |
TOP OF THE 8TH |
Virginia Beach Deuces batting - Pitching for Durham Rapiers : RHP Juan Díaz
|
Pinch Hitting: LHB Jim Unknown
|
0-0: Swinging Strike 0-1: Foul Ball, location: 2F 0-2: Ball 1-2: Foul Ball, location: 2F 1-2: Ball 2-2: Strikes out swinging
|
Batting: RHB Lorenzo Ramírez
|
0-0: Ball 1-0: Reached on error, E6 (Groundball, 6)
|
Batting: LHB Salvadaro Meireles
|
0-0: Intentional Walk
|
Pitching: LHP Ricardo Ávila
|
|
Batting: SHB José Quintero
|
0-0: Ball 1-0: Ball 2-0: Called Strike 2-1: Swinging Strike 2-2: Foul Ball, location: 2F 2-2: Strikes out looking
|
Batting: SHB Mark Kennedy
|
0-0: Called Strike 0-1: Ball 1-1: Ball 2-1: Ball 3-1: Base on Balls Lorenzo Ramírez to third Salvadaro Meireles to second
|
Batting: RHB Gerald Sims
|
Balk! Lorenzo Ramírez scores Salvadaro Meireles to third Mark Kennedy to second 0-0: Foul Ball, location: 2F 0-1: Ball 1-1: Ball 2-1: Ball 3-1: Base on Balls
|
Batting: RHB Jim Unknown
|
0-0: Foul Ball, location: 2F 0-1: Swinging Strike 0-2: Foul Ball, location: 2F 0-2: Ball 1-2: Ball 2-2: Ground out 1-3 (Groundball, 25)
|
Top of the 8th over - 1 run(s), 0 hit(s), 1 error(s), 3 left on base; Virginia Beach 2 - Durham 1 |
BOTTOM OF THE 8TH |
Durham Rapiers batting - Pitching for Virginia Beach Deuces : LHP Pat Horton
|
Now at 1B: Jim Unknown
|
|
Batting: SHB Orlando López
|
0-0: Foul Ball, location: 2F 0-1: Fly out, F9 (Flyball, 9LM)
|
Batting: LHB Evan Nelson
|
0-0: Called Strike 0-1: Foul Ball, location: 2F 0-2: Ball 1-2: Strikes out swinging
|
Batting: RHB Esteban Garza
|
0-0: Foul Ball, location: 2F 0-1: Ball 1-1: Ball 2-1: Ball 3-1: Base on Balls
|
Pinch Hitting: RHB Ignacio Rodríguez
|
0-0: Fly out, F6 (Line Drive, 6)
|
Bottom of the 8th over - 0 run(s), 0 hit(s), 0 error(s), 1 left on base; Virginia Beach 2 - Durham 1 |
TOP OF THE 9TH |
Virginia Beach Deuces batting - Pitching for Durham Rapiers : LHP Ricardo Ávila
|
Now at 2B: Ron Humboldt
|
|
Batting: SHB Jim Unknown
|
0-0: Ball 1-0: Ball 2-0: Fly out, F2 (Popup, 2LF)
|
Batting: LHB Alberto Enríquez
|
0-0: Ball 1-0: Foul Ball, location: 2F 1-1: Ball 2-1: Ball 3-1: Base on Balls
|
Batting: RHB Jim Unknown
|
0-0: Called Strike 0-1: Reached on error, E1 (Groundball, 25) Alberto Enríquez to second
|
Batting: RHB Lorenzo Ramírez
|
0-0: Grounds into double play, 6-4-3 (Groundball, 6)
|
Top of the 9th over - 0 run(s), 0 hit(s), 1 error(s), 1 left on base; Virginia Beach 2 - Durham 1 |
BOTTOM OF THE 9TH |
Durham Rapiers batting - Pitching for Virginia Beach Deuces : LHP Pat Horton
|
Batting: RHB Luis Tapia
|
0-0: Ball 1-0: Ground out 4-3 (Groundball, 13)
|
Batting: SHB Dan Godwin
|
0-0: Fly out, F8 (Flyball, 8LS)
|
Pinch Hitting: SHB Mauro López
|
0-0: Ball 1-0: Ball 2-0: SINGLE (Line Drive, 34D)
|
Pitching: RHP Cam Herman
|
|
Batting: RHB Augusto Flores
|
0-0: Swinging Strike 0-1: Ground out 1-3 (Groundball, 13S)
|
Bottom of the 9th over - 0 run(s), 1 hit(s), 0 error(s), 1 left on base; Virginia Beach 2 - Durham 1 |
|